 Dungeon Crawl Stone Soup version 0.30.1-11-g7821555f0a (webtiles) character file.

Game seed: 1888280876708685319

42 cdecastro the Cudgeller (level 3, -1/29 (31) HPs)
             Began as an Armataur Warper on Jan 11, 2024.
             Was an Initiate of Yredelemnul.
             Killed by divine providence
             ... invoked by an orc priest
              (10 damage)
             ... on level 2 of the Dungeon.
             The game lasted 00:03:28 (1524 turns).

cdecastro the Cudgeller (Armataur Warper)           Turns: 1524, Time: 00:03:29

HP:   -1/29 (31)    AC:  6    Str: 18    XL:     3   Next: 33%
MP:   5/5           EV:  7    Int: 13    God:    Yredelemnul [......]
Gold: 86            SH:  0    Dex:  9    Spells: 5/5 levels left

rFire   . . .        a - +0 mace
rCold   . . .        (no shield)
rNeg    . . .        f - +0 scale mail
rPois   .            (no helmet)
rElec   .            (no cloak)
rCorr   .            (no gloves)
SInv    .            (no barding)
Will    .....        (no amulet) Stlth
                     (no ring)
HPRegen 0.24/turn    (no ring)
MPRegen 0.09/turn

%: roll
@: drained
A: large, rugged brown scales 3, deformed body, armoured tail, roll, long
tongue, awkward tongue
a: Renounce Religion, Recall Undead Harvest


You were on level 2 of the Dungeon.
You worshipped Yredelemnul.
Yredelemnul was noncommittal.
You visited 1 branch of the dungeon, and saw 3 of its levels.

You collected 86 gold pieces.

Inventory:

Hand Weapons
 a - a +0 mace (weapon)
Missiles
 d - 7 boomerangs of dispersal (quivered)
Armour
 b - a +0 leather armour
 f - a +0 scale mail (worn)
Magical Staves
 k - a staff of death
Wands
 p - a wand of charming (7)
Scrolls
 c - a scroll of blinking
 h - a scroll of amnesia {unknown}
 l - a scroll of identify {unknown}
 m - a scroll of noise {unknown}
 n - a scroll of brand weapon {unknown}
Potions
 e - a potion of flight {unknown}
 g - 3 potions of resistance {unknown}
 i - a potion of magic {unknown}
 j - a potion of degeneration {unknown}
 o - a potion of mutation {unknown}


   Skills:
 - Level 1.7 Fighting
 + Level 3.4 Maces & Flails
 - Level 0.8 Throwing
 - Level 1.2 Armour
 - Level 1.3 Dodging
 - Level 1.7 Spellcasting
 - Level 3.0 Translocations


You had 5 spell levels left.
You didn't know any spells.
Your spell library contained the following spells:

 Spells                   Type           Power      Damage    Failure   Level
 Blink                    Tloc           16%        N/A       36%         2
 Lesser Beckoning         Tloc           16%        N/A       36%         2
 Teleport Other           Tloc           8%         N/A       58%         3
 Vhi's Electric Charge    Tloc/Air       10%        N/A       80%         3
 Manifold Assault         Tloc           8%         N/A       94%         4


Dungeon Overview and Level Annotations

Branches:
Dungeon (3/15)

Altars:
Yredelemnul


Innate Abilities, Weirdness & Mutations

You are completely covered in rugged brown scales. (AC +3, +7% HP)
Armour fits poorly on your strangely shaped body.
You have a long armoured tail.
You roll when moving toward enemies. (Rampage)
Your long tongue fully drains potion bottles. (2x potion effects)
Your tongue gives you trouble enunciating. (1.5x scroll delay)


Message History

The orc hits you but does no damage. The orc barely misses you.
You closely miss the orc. You tail-slap the orc.
You kill the orc!
The orc hits you with a +0 club. The orc barely misses you.
You see here a +0 club.
You hit the orc.
The orc is heavily wounded.
The orc hits you with a +0 club. The orc barely misses you.
You barely miss the orc.
Your tail-slap misses the orc.
The orc is heavily wounded.
The orc hits you but does no damage.
You hit the orc.
You kill the orc!
You see here a +0 club.
You see here a +0 club.
There is a stone staircase leading down here.
You start resting.
HP restored.
You climb downwards.
The orc priest invokes the aid of Beogh against you.
Pain shoots through your body!
There is a stone staircase leading up here.
Unknown command.
The orc priest closely misses you.
You climb upwards.
There is a stone staircase leading down here.
Unknown command.
You hit the orc priest.
The orc priest is heavily wounded.
The orc priest mumbles some strange prayers to Beogh against you.
Beogh smites you!
Ouch! That really hurt!
* * * LOW HITPOINT WARNING * * *
You hit the orc priest.
The orc priest is severely wounded.
The orc priest mumbles some strange prayers to Beogh against you.
Beogh smites you!
You die...
Your body rises from the dead as a mindless zombie.

#............###....).Z.#
#...................ZZ..#
#............###........# ##
#...........## #.^......#
.###...........# ##########
...............#
......########.#
####..########.### #########
...............)@###...#...##
#####...........o##Z........##
#.....................(......#
..######.........#...........#
### #......(..#...........#
#.........##.........##
#.........###...#...##
#.........# #########
#.........#


You could see an orc priest.

Vanquished Creatures
  A dart slug (D:2)
  2 orcs (D:2)
  3 endoplasms
  3 giant cockroaches
  7 goblins
  2 hobgoblins
  3 ball pythons
  5 bats
  2 frilled lizards (D:1)
  3 kobolds (D:1)
  3 rats (D:1)
34 creatures vanquished.

Notes
Turn   | Place    | Note
-------+----------+-------------------------------------------
     0 | D:1      | cdecastro the Armataur Warper began the quest for the Orb.
     0 | D:1      | Reached XP level 1. HP: 18/18 MP: 3/3
   286 | D:1      | Reached XP level 2. HP: 23/25 MP: 4/4
  1064 | D:2      | Found a faded altar of an unknown god.
  1080 | D:2      | Prayed at the altar of an unknown god.
  1080 | D:2      | Became a worshipper of Yredelemnul the Dark
  1080 | D:2      | Reached * piety under Yredelemnul
  1151 | D:2      | Reached XP level 3. HP: 27/27 MP: 5/5
  1524 | D:2      | Killed from afar by an orc priest

Illustrated notes

Levels and vault maps discovered:
D:1:      dpeg_arrival_circle_labyrinth_c, layout_basic
D:2:      layout_rooms, shapermc_ecumenical_altar_mp_urbaneastern,
          hangedman_abyss_or_decor_stabs
D:3:      layout_basic, lemuel_coloured_pillars_altar, nrook_mini_backslash

Skill      XL: |  1  2 |
---------------+-------+-----
Maces & Flails | 2 3 |  3.4
Fighting       | |  1.7
Throwing       | |  0.8
Armour         | |  1.2
Dodging        | |  1.3
Spellcasting   | |  1.7
Translocations | |  3.0

Action                     || total
---------------------------++-------
  Melee: Mace              ||    89
         Tailslap          ||    10
 Armour: Scale mail        ||    53
  Dodge: Dodged            ||    41
